 Dungeon Crawl Stone Soup version 0.14-a0-882-gdff4d47 (webtiles) character file.

79 Bloax the Chiller (level 3, 0/19 HPs)
             Began as a Deep Elf Ice Elementalist on Nov 16, 2013.
             Succumbed to a kobold's poison
             ... on Level 3 of the Dungeon.
             The game lasted 00:05:34 (771 turns).

Bloax the Chiller (Deep Elf Ice Elementalist)        Turns: 771, Time: 00:05:34

HP   0/19        AC 12     Str  5      XL: 3   Next: 75%
MP   9/10        EV 13     Int 20      God:
Gold 21          SH  0     Dex 19      Spells:  2 memorised,  6 levels left

Res.Fire  : . . .   See Invis. : .   (no weapon)
Res.Cold  : . . .   Warding    : .   g - +0 ring mail
Life Prot.: . . .   Conserve   : .   (no shield)
Res.Poison: .       Res.Corr.  : .   m - +0 helmet
Res.Elec. : .       Clarity    : +   (no cloak)
Sust.Abil.: . .     Spirit.Shd : .   (no gloves)
Res.Mut.  : .       Stasis     : .   k - +0 pair of boots
Res.Rott. : .       Flight     : .   (no amulet)
Saprovore : . . .                    (no ring)
                                     (no ring)

@: invisible, agile, mildly poisoned, very slightly contaminated, slightly
resistant to hostile enchantments, stealthy
A: clarity, AC +5, Dex -1
a: no special abilities


You were on level 3 of the Dungeon.
You were not hungry.

You visited 1 branch of the dungeon, and saw 3 of its levels.

You collected 21 gold pieces.


Innate Abilities, Weirdness & Mutations

You are partially covered in rough black scales (AC +4, Dex -1).
You are partially covered in rugged brown scales (AC +1, +3% HP).
You possess an exceptional clarity of mind.


   Skills:
 + Level 1.3 Throwing
 - Level 2.7 Dodging
 - Level 2.4 Stealth
 + Level 3.6 Spellcasting
 + Level 1.1 Conjurations
 + Level 3.8 Ice Magic


You had 6 spell levels left.
You knew the following spells:

 Your Spells              Type           Power        Failure   Level  Hunger
a - Freeze                Ice            ###.         14%         1    None
b - Throw Frost           Conj/Ice       ##....       34%         2    ##.....


Dungeon Overview and Level Annotations

Branches:
Dungeon (3/16)

Altars:
Trog

Inventory:

Missiles
 d - 8 tomahawks (quivered)
Armour
 g - a +0 ring mail (worn)
   (You found it on level 1 of the Dungeon)
 h - a +0 chain mail
   (You found it on level 1 of the Dungeon)
 i - a +0 pair of boots
   (You found it on level 1 of the Dungeon)
 k - a +0 pair of boots (worn)
   (You found it on level 1 of the Dungeon)
 m - a +0 helmet (worn)
   (You found it on level 1 of the Dungeon)
Comestibles
 c - 2 bread rations
Scrolls
 f - a scroll of noise {unknown}
 l - a scroll of recharging {unknown}
 n - 2 scrolls of identify {unknown}
Books
 b - a book of Frost

   Spells                             Type                      Level
   *Freeze                            Ice                          1
   *Throw Frost                       Conjuration/Ice              2
   Ozocubu's Armour                   Charms/Ice                   3
   Throw Icicle                       Conjuration/Ice              4
   Summon Ice Beast                   Ice/Summoning                4
   Condensation Shield                Ice                          4

#.##.##.##....###
#.##.##.####....#
#....##.....##.##
#######.....# ...
#.....######
######....%......
#.......#########
#.#.######.......#########
.........)@................
......#.##......)#...#####
... #.##.......#...# .
#.##.......#...#
.......#####...# .........
#...# ##.#......# ##...# #.
....#.###...###### .. .#<.#
#...........


There were no monsters in sight!


Message History

Aiming: Freeze
Aim: a giant gecko (almost dead, moving slowly, clinging)
You freeze the giant gecko.
You kill the giant gecko!
Your magical contamination has completely faded away.
Found a stone staircase leading up.
A kobold comes into view.
The kobold shouts!
The kobold wields an elven blowgun.
The kobold shoots a poisoned needle.
The poisoned needle hits you!
You are poisoned.
You see here a poisoned needle.
Unknown command.
You feel sick.
You feel sick.
* * * LOW HITPOINT WARNING * * *
You feel sick.
You see here a poisoned needle.
* * * LOW HITPOINT WARNING * * *
You feel sick.
* * * LOW HITPOINT WARNING * * *
You feel sick.
* * * LOW HITPOINT WARNING * * *
You feel sick.
Unknown command.
Unknown command.
Drink which item? (? for menu, Esc to quit)
You feel more agile all of a sudden.
It was a potion of agility.
* * * LOW HITPOINT WARNING * * *
You feel sick.
Drink which item? (? for menu, Esc to quit)
You fade into invisibility!
It was a potion of invisibility.
* * * LOW HITPOINT WARNING * * *
You feel sick.
You are very lightly contaminated with residual magic.
Unknown command.
You hear the slow rusting of a distant drain.
* * * LOW HITPOINT WARNING * * *
You feel sick.
The kobold unwields an uncursed elven blowgun.
The kobold closely misses you.
Unknown command.
Drink which item? (? for menu, Esc to quit)
You feel refreshed.
It was a potion of restore abilities.
* * * LOW HITPOINT WARNING * * *
You feel sick. The kobold barely misses you.
Drink which item? (? for menu, Esc to quit)
You feel extremely strange.
Your thoughts seem clearer.
Rough black scales grow over part of your body.
Rugged brown scales grow over part of your body.
It was a potion of mutation.
* * * LOW HITPOINT WARNING * * *
You feel sick. The kobold hits you but does no damage.
Unknown command.
Unknown command.
Casting: Freeze
Aiming: Freeze
Aim: a kobold You freeze the kobold.
You kill the kobold!
* * * LOW HITPOINT WARNING * * *
You feel sick.
You feel a little better.
Things that are here:
an uncursed elven blowgun; a kobold corpse; 15 poisoned needles Unknown command.
You die...

Action                   || total
-------------------------++-------
Melee: Unarmed           ||     9
Throw: Tomahawk          ||    16
       Stone             ||    23
 Cast: Freeze            ||    29
  Use: Potion            ||     4
       Scroll            ||     1

Vault maps used:
D:1:      minmay_entry_open_corners
D:2:      trog_hazing_becter, uniq_jessica
D:3:      portal_sewer_entry_a

Notes
Turn   | Place    | Note
--------------------------------------------------------------
     0 | D:1      | Bloax, the Deep Elf Ice Elementalist, began the quest for the Orb.
     0 | D:1      | Reached XP level 1. HP: 10/10 MP: 4/4
   131 | D:1      | Reached skill level 2 in Spellcasting
   176 | D:1      | Reached XP level 2. HP: 12/15 MP: 5/7
   451 | D:2      | Noticed Jessica
   460 | D:2      | Killed Jessica
   460 | D:2      | Reached skill level 1 in Throwing
   460 | D:2      | Reached skill level 3 in Spellcasting
   460 | D:2      | Reached XP level 3. HP: 17/19 MP: 5/10
   476 | D:2      | Found a bloodstained altar of Trog.
   571 | D:3      | Learned a level 2 spell: Throw Frost
   765 | D:3      | HP: 4/19 [poisoned by a kobold]
   768 | D:3      | Gained mutation: You possess an exceptional clarity of mind. [potion of mutation]
   768 | D:3      | Gained mutation: You are partially covered in rough black scales (AC +4, Dex -1). [potion of mutation]
   768 | D:3      | Gained mutation: You are partially covered in rugged brown scales (AC +1, +3% HP). [potion of mutation]
   769 | D:3      | HP: 1/19 [poisoned by a kobold]
   771 | D:3      | Succumbed to a kobold's poison

Vanquished Creatures
  Jessica (D:2)
  An adder (D:2)
  A worm (D:3)
  2 giant geckos
  An orc (D:3)
  3 goblins
  4 hobgoblins
  4 bats
  2 kobolds
  4 rats
23 creatures vanquished.
